 Dungeon Crawl Stone Soup version 0.31-a0-960-g0fca184906 (webtiles) character file.

Game seed: 13646781309003742646

448579 pokeman the Archmage (level 22, -19/144 HPs)
             Began as a Deep Elf Hedge Wizard on Oct 22, 2023.
             Was the Champion of Vehumet.
             Killed from afar by a servant of whispers (21 damage)
             ... with a bolt of lightning
             ... in the Desolation of Salt on Oct 23, 2023.
             The game lasted 03:24:24 (63477 turns).

pokeman the Archmage (Deep Elf Hedge Wizard)       Turns: 63477, Time: 03:24:25

Health: -19/144    AC: 17    Str: 12    XL:     22   Next: 85%
Magic:  33/64      EV: 17    Int: 39    God:    Vehumet [******]
Gold:   4033       SH: 13    Dex: 15    Spells: 9/75 levels left

rFire   + + +        b - staff of Corruption {rPois rF+ Str+2 Int+4 Fire}
rCold   . . .        l - +2 buckler {reflect}
rNeg    + . .        Z - +5 ring mail of Tomorrow {rN+ Will- rCorr Dex+3}
rPois   +            m - +2 hat {Will+}
rElec   .            M - scarf {rC+ rF+}
rCorr   +            k - +0 pair of gloves {Str+3}
SInv    .            I - +1 pair of boots {Fly}
Will    +++++        x - amulet "Poaniles" {Reflect rPois Int+4 SH+5}
Stlth   ++           e - ring of fire
HPRegen 0.44/turn    y - ring "Zelyhean" {rPois Will+++ MP+9 Dex-2}
MPRegen 0.39/turn

%: reflection
@: spiked, flying, studying 3 skills
A: no striking features
}: 3/15 runes: decaying, serpentine, slimy
a: Renounce Religion


You were in the Desolation of Salt.
You worshipped Vehumet.
Vehumet was exalted by your worship.
You visited 10 branches of the dungeon, and saw 45 of its levels.
You visited 1 bazaar.
You also visited: Trove, Bailey, Gauntlet, Ice Cave and Desolation.

You collected 6679 gold pieces.
You spent 2646 gold pieces at shops.

Inventory:

Hand Weapons
 q - the +8 pair of quick blades "Gyre" and "Gimble" {protect}
   (You found it in a Gauntlet)
Missiles
 R - 2 throwing nets
Armour
 k - a +0 pair of gloves of strength (worn)
 l - a +2 buckler of reflection (worn)
 m - a +2 hat of willpower (worn)
 I - a +1 pair of boots of flying (worn)
 M - a scarf of resistance (worn)
 Z - the +5 ring mail of Tomorrow (worn) {rN+ Will- rCorr Dex+3}
   (You found it on level 3 of the Depths)

   Dex+3:     It affects your dexterity (+3).
   rN+:       It protects you from negative energy.
   Will-:     It decreases your willpower.
   rCorr:     It protects you from acid and corrosion.
Magical Staves
 b - the staff of Corruption (weapon) {rPois rF+ Str+2 Int+4 Fire}
   (You found it on level 11 of the Dungeon)

   [staff of fire]

   Base accuracy: +5 Base damage: 5 Base attack delay: 1.2 This weapon's minimum
   attack delay (0.6) is reached at skill level 12.
   Str+2:     It affects your strength (+2).
   Int+4:     It affects your intelligence (+4).
   rF+:       It protects you from fire.
   rPois:     It protects you from poison Fire: It increases the power of your
   Fire spells.
   It falls into the 'Staves' category.
   It is a one-handed weapon.
Jewellery
 e - a ring of fire (left hand)
 x - the amulet "Poaniles" (around neck) {Reflect rPois Int+4 SH+5}
   (You found it on level 4 of the Dungeon)

   [amulet of reflection]

   Reflect:   It reflects blocked missile attacks.
   Int+4:     It affects your intelligence (+4).
   rPois:     It protects you from poison SH+5: It affects your SH (+5).
 y - the ring "Zelyhean" (right hand) {rPois Will+++ MP+9 Dex-2}
   (You took it off a deep elf death mage on level 3 of the Elven Halls)

   [ring of magical power]

   Dex-2:     It affects your dexterity (-2).
   rPois:     It protects you from poison Will+++: It greatly increases your
   willpower.
   MP+9:      It affects your magic capacity (+9).
 B - the ring "Xuon" {Fly Will+++ rCorr SInv Stlth-}
   (You took it off a deep elf demonologist on level 3 of the Elven Halls)

   [ring of flight]

   Will+++:   It greatly increases your willpower.
   SInv:      It lets you see invisible.
   Fly:       It grants you flight.
   rCorr:     It protects you from acid and corrosion.
   Stlth-:    It makes you less stealthy.
Wands
 c - a wand of acid (43)
 v - a wand of digging (4)
Scrolls
 f - 26 scrolls of teleportation
 g - a scroll of silence
 h - 2 scrolls of revelation
 j - 4 scrolls of immolation
 p - 2 scrolls of enchant weapon
 r - a scroll of torment
 s - a scroll of fog
 A - 7 scrolls of blinking
Potions
 a - 16 potions of curing
 d - 3 potions of magic
 n - 2 potions of resistance
 t - a potion of mutation
 u - 2 potions of enlightenment
 F - 8 potions of haste
 X - 14 potions of heal wounds
Miscellaneous
 i - a phantom mirror
 o - a lightning rod (4/4)


   Skills:
 + Level 17.0 Fighting
 - Level 9.3 Armour
 - Level 15.1 Dodging
 - Level 3.0 Stealth
 - Level 7.0 Shields
 O Level 27 Spellcasting
 * Level 24.1 Conjurations
 - Level 1.1 Summonings
 - Level 1.0 Necromancy
 - Level 1.1 Translocations
 - Level 2.0 Transmutations
 + Level 20.7 Fire Magic
 - Level 1.0 Ice Magic
 - Level 1.0 Air Magic
 - Level 1.0 Earth Magic
 - Level 1.0 Poison Magic
 - Level 1.0 Evocations


You had 9 spell levels left.
You knew the following spells:

 Your Spells              Type           Power      Damage    Failure   Level
a - Magic Dart            Conj           100%       1d8       0%          1
b - Mephitic Cloud        Conj/Pois/Air  88%        N/A       1%          3
c - Call Imp              Summ           100%       N/A       1%          2
d - Blink                 Tloc           100%       N/A       1%          2
e - Starburst             Conj/Fire      87%        6d22      0%          6
f - Fireball              Conj/Fire      87%        3d32      0%          5
g - Freezing Cloud        Conj/Ice/Air   44%        6-21      1%          5
h - Bombard               Conj/Erth      50%        9d8       1%          6
i - Iskenderun's Battles  Conj           100%       2d15      0%          5
j - Ignite Poison         Fire/Tmut/Pois 100%       N/A       1%          3
k - Ignition              Fire           85%        3d22      1%          8
l - Fire Storm            Conj/Fire      87%        8d22      2%          9
m - Foxfire               Conj/Fire      100%       2x1d9     0%          1
n - Irradiate             Conj/Tmut      50%        3d28      1%          5
o - Lee's Rapid Deconstr  Erth           28%        3d15*     4%          5

Your spell library contained the following spells:

 Spells                   Type           Power      Damage    Failure   Level
 Kiss of Death            Conj/Necr      100%       2d13      0%          1
 Shock                    Conj/Air       100%       1d9       0%          1
 Momentum Strike          Conj/Tloc      100%       3d10      0%          2
 Scorch                   Fire           100%       2d9       0%          2
 Dazzling Flash           Conj/Hex       100%       N/A       0%          3
 Hailstorm                Conj/Ice       100%       3d20      0%          3
 Stone Arrow              Conj/Erth      100%       3d13      0%          3
 Flame Wave               Conj/Fire      100%       2d21      0%          4
 Sticky Flame             Conj/Fire      100%       2d11      0%          4
 Apportation              Tloc           100%       N/A       1%          1
 Freeze                   Ice            100%       1d10      1%          1
 Necrotise                Necr           100%       1d9       1%          1
 Slow                     Hex            100%       N/A       1%          1
 Sting                    Tmut/Pois      100%       1d8       1%          1
 Summon Small Mammal      Summ           100%       N/A       1%          1
 Cigotuvi's Dreadful Rot  Necr/Pois/Air  100%       N/A       1%          2
 Ensorcelled Hibernation  Hex/Ice        100%       N/A       1%          2
 Jinxbite                 Hex            100%       N/A       1%          2
 Lesser Beckoning         Tloc           100%       N/A       1%          2
 Poisonous Vapours        Pois/Air       100%       N/A       1%          2
 Sublimation of Blood     Necr           57%        N/A       1%          2
 Wereblood                Tmut           62%        N/A       1%          2
 Call Canine Familiar     Summ           57%        N/A       1%          3
 Frozen Ramparts          Ice            100%       1d16      1%          3
 Gell's Gravitas          Tloc           57%        N/A       1%          3
 Inner Flame              Hex/Fire       100%       N/A       1%          3
 Ozocubu's Armour         Ice            57%        N/A       1%          3
 Swiftness                Air            57%        N/A       1%          3
 Teleport Other           Tloc           57%        N/A       1%          3
 Vampiric Draining        Necr           57%        2d10      1%          3
 Volatile Blastmotes      Fire/Tloc      100%       2d18      1%          3
 Airstrike                Air            28%        2d(5-21)  1%          4
 Brom's Barrelling Bould  Conj/Erth      100%       2d11      1%          4
 Iskenderun's Mystic Bla  Conj/Tloc      100%       2d19      1%          4
 Olgreb's Toxic Radiance  Pois           57%        N/A       1%          4
 Arcjolt                  Conj/Air       50%        1d60      1%          5
 Conjure Ball Lightning   Conj/Air       50%        3x3d17    1%          6
 Plasma Beam              Fire/Air       71%        2x1d88    1%          6
 Orb of Destruction       Conj           63%        9d15      1%          7
 Spellforged Servitor     Conj/Summ      50%        N/A       1%          7
 Confusing Touch          Hex            51%        N/A       2%          3
 Sigil of Binding         Hex            51%        N/A       2%          3
 Tukima's Dance           Hex            51%        N/A       2%          3
 Petrify                  Tmut/Erth      59%        N/A       4%          4
 Yara's Violent Unravell  Hex/Tmut       28%        3d12      4%          5
 Animate Armour           Summ/Erth      100%       N/A       5%          4
 Animate Dead             Necr           57%        N/A       5%          4
 Dispel Undead            Necr           57%        3d20      5%          4
 Manifold Assault         Tloc           57%        N/A       5%          4
 Passage of Golubria      Tloc           57%        N/A       5%          4
 Summon Ice Beast         Ice/Summ       57%        N/A       5%          4
 Summon Lightning Spire   Summ/Air       57%        N/A       5%          4
 Vhi's Electric Charge    Tloc/Air       100%       N/A       5%          4
 Anguish                  Hex/Necr       27%        N/A       7%          4
 Dimensional Bullseye     Hex/Tloc       27%        N/A       7%          4
 Leda's Liquefaction      Hex/Erth       27%        N/A       7%          4
 Cause Fear               Hex            25%        N/A       9%          4
 Lehudib's Crystal Spear  Conj/Erth      50%        10d12     9%          8
 Alistair's Intoxication  Tmut/Pois      39%        N/A       12%         5
 Agony                    Necr           57%        N/A       16%         5
 Borgnjor's Vile Clutch   Necr/Erth      28%        N/A       16%         5
 Metabolic Englaciation   Hex/Ice        27%        N/A       19%         5
 Silence                  Hex/Air        27%        N/A       19%         5
 Death Channel            Necr           28%        N/A       63%         6
 Dispersal                Tloc           28%        N/A       63%         6
 Simulacrum               Ice/Necr       28%        N/A       63%         6
 Summon Cactus Giant      Summ           28%        N/A       63%         6
 Ozocubu's Refrigeration  Ice            28%        4d13      71%         7
 Chain Lightning          Conj/Air       50%        3d66      73%         9
 Haunt                    Necr/Summ      28%        N/A       99%         7
 Summon Hydra             Summ           28%        N/A       99%         7
 Enfeeble                 Hex            25%        N/A       100%        7
 Borgnjor's Revivificati  Necr           28%        N/A       100%        8
 Maxwell's Capacitive Co  Air            28%        ∞         100%        8
 Death's Door             Necr           28%        N/A       100%        9
 Shatter                  Erth           28%        3d24*     100%        9


Dungeon Overview and Level Annotations

Branches:
Dungeon (15/15)            Temple (1/1) D:7            Lair (5/5) D:8
  Swamp (4/4) Lair:2        Snake (4/4) Lair:3        Slime (5/5) Lair:5
    Orc (2/2) D:9             Elf (3/3) Orc:2        Vaults (2/5) D:14
  Crypt (0/3) Vaults:2     Depths (4/4) D:15            Zot (0/5) Depths:4
 Bailey (visited)           IceCv (visited)         Desolation (1/1)
Gauntlet (visited)

Altars:
Ashenzari
Cheibriados
Dithmenos
Elyvilon
Fedhas
Gozag
Hepliaklqana
Kikubaaqudgha
Makhleb
Nemelex Xobeh
Okawaru
Qazlal
Ru
Sif Muna
Trog
Uskayaw
Vehumet
Wu Jian
Xom
Yredelemnul
Zin
The Shining One
Jiyva

Shops:
D:8 *   D:10 :   D:13 ?   Orc:2 *[*[*   Elf:1 =(*   Snake:1 :=:   Vaults:1 (
Depths:1 ?!(((   Depths:3 =:*

Portals:
Hell: Depths:1 Depths:2 Depths:3 Depths:4
Abyss: Depths:1 Depths:3
Pandemonium: Depths:2
Ziggurat: Depths:4


Message History

Press: ? - help, Shift-Dir - straight line, f - saltling
Aim: a saltling (strong)
You feel a strong surge of power!
The fireball explodes!
The fireball engulfs the saltling!!!
You destroy the saltling!
Vehumet accepts your kill.
You feel your power returning.
You hear a roar!
The servant of whispers mumbles some strange prayers to its god.
The air becomes perfectly still.
Unknown command.
Casting: Fireball (safe; 0% risk of failure)
Confirm with . or Enter, or press ? or * to list all spells.
Aiming: Bombard (mildly dangerous; 1% risk of failure)
Press: ? - help, Shift-Dir - straight line, f - peacekeeper
Aim: a peacekeeper (moderately damaged, 98% to hit)
The iron shot hits the peacekeeper!!
You destroy the peacekeeper!
Vehumet accepts your kill.
You feel your power returning.
You feel ready to blink again.
A saltling comes into view.
Casting: Bombard (mildly dangerous; 1% risk of failure)
Confirm with . or Enter, or press ? or * to list all spells.
Aiming: Lee's Rapid Deconstruction (dangerous; 4% risk of failure)
Press: ? - help, Dir - move target, f - crystal guardian Fragment what (e.g. wall or brittle monster)?: a crystal guardian The crystal guardian shatters!!!
The crystal guardian is severely damaged.
The blast of crystal shards hits the peacekeeper but does no damage.
The blast of crystal shards hits the servant of whispers!!
The servant of whispers is severely wounded.
You hear a shout!
The peacekeeper hurls a volley of spikes at you.
The volley of spikes hits you!
The barbed spikes become lodged in your body.
* * * LOW HITPOINT WARNING * * *
The servant of whispers calls down the wrath of its god upon you.
The bolt of lightning hits you!!
You die...

.....#)...........
...................
.......9...#.......
...................
.............#......
.....................
.....................
..##................... .
...............@....... ..
...........................
..........................#
............#............#
............#..........a#.9
....................9a....a
.......∩...............#...
....................9.9.....
.......∩.................9.9


You could see a servant of whispers (stilling wind), a crystal guardian, a
peacekeeper and 2 saltlings.

Vanquished Creatures
  the Royal Jelly (Slime:5)
  A juggernaut (Depths:4)
  Vashnia (Snake:4)
  the Lernaean hydra (Swamp:4)
  A caustic shrike (Depths:3)
  A bone dragon (Depths:3)
  A golden dragon (Depths:3)
  Jorgrun (D:15)
  2 tentacled monstrosities
  A lich (Depths:2)
  A deep elf blademaster (Elf:2)
  2 deep elf master archers (Elf:3)
  21 acid blobs
  Frances (D:14)
  4 sphinxes
  2 shadow dragons
  A thorn hunter (Swamp:3)
  6 tengu reavers
  3 storm dragons
  Aizul (Swamp:2)
  12 rockslimes
  9 azure jellies
  9 nagarajas
  6 fire giants
  3 deep elf sorcerers
  A draconian knight (Depths:4)
  3 frost giants
  An iron dragon (Depths:3)
  Louise (Depths:1)
  4 draconian stormcallers (Depths:4)
  6 deep elf elementalists (Elf:3)
  An orc warlord (Vaults:1)
  7 ironbound preservers (Vaults:1)
  2 vault wardens
  2 ghouls (Swamp:2)
  An ironbound thunderhulk (Vaults:1)
  3 spriggan defenders
  10 quicksilver oozes
  10 stone giants
  Nessos (D:15)
  12 very ugly things
  A war gargoyle (Vaults:1)
  2 formless jellyfish (Slime:1)
  A green draconian (Depths:4)
  2 bunyips
  3 deep elf demonologists (Elf:3)
  6 deep elf annihilators
  A dire elephant (Vaults:1)
  6 vampire knights
  9 eleionomae
  2 white draconians (Depths:4)
  A purple draconian (Depths:4)
  A lorocyproca (Depths:2)
  A minotaur (Gauntlet)
  A bunyip (shapeshifter) (Depths:2)
  6 spark wasps
  7 deep elf death magi (Elf:3)
  A merfolk javelineer (Depths:4)
  8 ettins
  A green death (Depths:2)
  4 deep elf high priests (Elf:3)
  6 fire dragons
  A shambling mangrove (Swamp:4)
  An entropy weaver (shapeshifter) (D:13)
  2 yaktaur captains (Vaults:1)
  2 servants of whispers
  3 vault guards
  A hell beast (Depths:3)
  A great orb of eyes (shapeshifter) (Depths:4)
  17 hydras
  3 rakshasas
  5 salamander tyrants
  4 spriggan air magi
  5 ice dragons
  4 peacekeepers
  2 ogre magi (Orc:2)
  3 catoblepae
  4 great orbs of eyes
  6 centaur warriors
  15 anacondas
  2 ironbound frosthearts
  2 ghost crabs
  4 tengu warriors
  9 alligators
  5 boulder beetles
  13 two-headed ogres
  10 deep troll earth magi
  21 naga warriors
  7 deep troll shamans
  36 dancing weapons
  An orc high priest (Elf:1)
  An occultist (Depths:2)
  26 naga sharpshooters
  2 vampire magi (Depths:2)
  8 shock serpents
  3 death yaks (Lair:5)
  13 spriggans
  10 spriggan berserkers
  Nergalle (Lair:1)
  6 hell knights (Depths:2)
  15 deep elf knights
  A fire crab (Gauntlet)
  16 iron trolls
  A skyshark (Lair:5)
  4 salamander mystics
  5 skeletal warriors
  A sixfirhy (D:8)
  6 goliath frogs
  6 spriggan druids
  3 flayed ghosts
  3 sea snakes (Snake:1)
  3 bog bodies
  5 naga ritualists
  3 glowing orange brains
  2 phantasmal warriors (Depths:3)
  4 arcanists (Vaults:1)
  19 deep elf zephyrmancers
  12 deep elf archers
  11 swamp dragons
  25 deep trolls
  20 deep elf pyromancers
  3 harpies (Vaults:1)
  7 lindwurms
  5 orc knights
  5 ironbound convokers (Vaults:1)
  3 orc sorcerers
  2 wolf spiders
  8 manticores
  10 mana vipers
  3 necromancers
  2 elephants (Lair:5)
  3 oklob plants
  5 shining eyes
  A frost giant zombie (Depths:2)
  8 will-o-the-wisps
  20 salamanders
  9 cyclopes
  23 ugly things
  42 black mambas
  A faun (shapeshifter) (Depths:2)
  A moth of wrath (Gauntlet)
  A fire giant skeleton (Depths:2)
  9 vault sentinels
  A torpor snail (Lair:4)
  A frost giant skeleton (Depths:2)
  9 guardian serpents
  25 naga magi
  2 eyes of devastation (Slime:5)
  Joseph (D:7)
  3 ice statues (IceCv)
  A smoke demon (Depths:2)
  2 unseen horrors (D:10)
  Jeremiah (Lair:1)
  7 rime drakes
  13 cane toads
  3 kobold demonologists
  8 komodo dragons
  2 guardian mummies (D:13)
  An anaconda simulacrum (IceCv)
  7 yaktaurs
  11 trolls
  5 tengu conjurers
  6 tyrant leeches
  3 meliai (D:13)
  A meliai (shapeshifter) (Elf:1)
  2 polar bears (Lair:4)
  13 hornets
  8 blink frogs
  A bloated husk (Swamp:4)
  Prince Ribbit (Bailey)
  A dream sheep (shapeshifter) (Depths:3)
  8 saltlings
  3 glass eyes
  2 dream sheep (Lair:5)
  2 air elementals (Elf:1)
  4 flying skulls (Gauntlet)
  A slime creature (shapeshifter) (Depths:4)
  122 slime creatures
  A centaur simulacrum (D:15)
  A shadow (D:11)
  4 wyverns
  2 wraiths (D:9)
  A vampire (D:12)
  2 golden eyes (shapeshifter)
  3 fire bats (Gauntlet)
  4 fire elementals
  6 humans (Bailey)
  12 water elementals
  37 yaks
  24 golden eyes
  10 basilisks
  14 vampire mosquitoes
  A death yak simulacrum (IceCv)
  3 redbacks (Gauntlet)
  2 wargs
  A harpy simulacrum (IceCv)
  2 acid dragons
  61 nagas
  A redback simulacrum (D:14)
  17 swamp worms
  16 water moccasins
  A sky beast (D:6)
  18 orc warriors
  A black bear (D:5)
  A black bear (shapeshifter) (D:14)
  26 ogres
  3 ice beasts
  9 swamp drakes
  20 centaurs
  7 wolves
  2 phantoms
  7 kobold brigands
  4 earth elementals
  2 necrophages (Swamp:2)
  A gnoll sergeant (D:9)
  2 scorpions
  27 bullfrogs
  A two-headed ogre simulacrum (Orc:1)
  2 cane toad simulacra (Orc:1)
  13 wights
  2 killer bees (D:8)
  2 elephant simulacra (IceCv)
  14 electric eels
  4 howler monkeys
  21 orc priests
  7 hounds
  A gnoll bouda (D:7)
  A sleepcap (D:5)
  5 iguanas
  22 orc wizards
  3 troll simulacra (Orc:1)
  6 hell rats (Lair:3)
  A spriggan simulacrum (Orc:1)
  2 polar bear simulacra
  8 wolf simulacra
  2 yak simulacra (Lair:5)
  A boggart simulacrum (D:15)
  16 gnolls
  10 adders
  2 shadow imps (D:5)
  2 white imps
  2 ufetubi (D:5)
  2 worms
  2 dart slugs
  85 orcs
  6 bats
  3 endoplasms
  3 giant cockroaches
  8 goblins
  8 hobgoblins
  A quokka (D:3)
  6 ball pythons
  A frilled lizard (D:3)
  28 kobolds
  5 rats (D:1)
  2 river rat simulacra (Lair:5)
1769 creatures vanquished.

Vanquished Creatures (collateral kills)
  A killer bee (D:8)
  A foxfire (Lair:2)
2 creatures vanquished.

Vanquished Creatures (others)
  A human (D:3)
  An orc (Orc:1)
  9 fire vortices
  780 foxfires
791 creatures vanquished.

Grand Total: 2562 creatures vanquished

Notes
Turn   | Place    | Note
-------+----------+-------------------------------------------
     0 | D:1      | pokeman the Deep Elf Hedge Wizard began the quest for the
                  | Orb.
     0 | D:1      | Reached XP level 1. HP: 10/10 MP: 7/7
   451 | D:1      | Reached XP level 2. HP: 16/16 MP: 6/9
  1511 | D:2      | Found a faded altar of an unknown god.
  1578 | D:2      | Reached skill level 5 in Spellcasting
  2072 | D:2      | Reached XP level 3. HP: 20/20 MP: 5/11
  2076 | D:2      | Learned a level 3 spell: Mephitic Cloud
  2079 | D:2      | Learned a level 2 spell: Call Imp
  2082 | D:2      | Learned a level 2 spell: Blink
  2086 | D:2      | Learned a level 3 spell: Ignite Poison
  2372 | D:3      | Reached skill level 1 in Armour
  2491 | D:3      | Found an ancient bone altar of Kikubaaqudgha.
  2537 | D:3      | Found an opulent altar of Gozag.
  2553 | D:3      | Reached skill level 1 in Fighting
  2664 | D:3      | Identified the +2 ring mail of Shielding {rPois Will+}
  2752 | D:3      | Reached XP level 4. HP: 16/25 MP: 6/13
  3153 | D:3      | Found a sparkling altar of Nemelex Xobeh.
  3193 | D:3      | Found a blossoming altar of Fedhas.
  3328 | D:3      | Noticed a human
  3329 | D:3      | Killed a human
  3683 | D:4      | Reached XP level 5. HP: 29/29 MP: 8/15
  3825 | D:4      | Identified the amulet "Poaniles" {Reflect rPois Int+4 SH+5}
  3901 | D:4      | Reached skill level 6 in Spellcasting
  3951 | D:4      | Noticed an ogre
  3959 | D:4      | Killed an ogre
  3960 | D:4      | Reached skill level 1 in Poison Magic
  4051 | D:4      | Reached skill level 1 in Transmutations
  4051 | D:4      | Reached skill level 1 in Fire Magic
  4051 | D:4      | Reached skill level 1 in Evocations
  4051 | D:4      | Reached XP level 6. HP: 34/34 MP: 3/17
  4261 | D:4      | Reached skill level 1 in Air Magic
  4652 | D:5      | Entered Level 5 of the Dungeon
  4652 | D:5      | Noticed a water moccasin
  4653 | D:5      | Noticed a water moccasin
  4818 | D:5      | Killed a water moccasin
  4819 | D:5      | Reached skill level 7 in Spellcasting
  4819 | D:5      | Reached XP level 7. HP: 39/39 MP: 11/19
  5025 | D:5      | Found a snail-covered altar of Cheibriados.
  5076 | D:5      | Reached skill level 8 in Spellcasting
  5219 | D:5      | Found a runed translucent door.
  5552 | D:5      | Found a transporter.
  5567 | D:5      | Reached XP level 8. HP: 44/44 MP: 10/22
  5761 | D:5      | Reached skill level 9 in Spellcasting
  5769 | D:5      | Learned a level 5 spell: Freezing Cloud
  5868 | D:5      | Found a transporter.
  6504 | D:5      | Reached skill level 1 in Ice Magic
  6743 | D:5      | Reached skill level 5 in Conjurations
  6881 | D:5      | Reached skill level 10 in Spellcasting
  7115 | D:6      | Found a radiant altar of Vehumet.
  7135 | D:6      | Became a worshipper of Vehumet
  7252 | D:6      | Reached XP level 9. HP: 30/48 MP: 2/25
  7304 | D:6      | Reached skill level 5 in Fire Magic
  7474 | D:6      | Reached skill level 11 in Spellcasting
  7787 | D:7      | Noticed Joseph
  8113 | D:7      | Reached * piety under Vehumet
  8113 | D:7      | Offered knowledge of Foxfire by Vehumet.
  8281 | D:7      | Learned a level 1 spell: Foxfire
  8404 | D:7      | Killed Joseph
  8632 | D:7      | Found a hide-covered altar of Uskayaw.
  8810 | D:7      | Found a staircase to the Ecumenical Temple.
  9154 | D:8      | Reached skill level 12 in Spellcasting
  9240 | D:8      | Found a flagged portal.
  9272 | Bailey   | Entered a bailey
  9323 | Bailey   | Reached XP level 10. HP: 47/54 MP: 18/28
  9411 | Bailey   | Reached ** piety under Vehumet
  9557 | Bailey   | Offered knowledge of Momentum Strike by Vehumet.
  9566 | Bailey   | Reached skill level 13 in Spellcasting
  9658 | Bailey   | Noticed Prince Ribbit
  9663 | Bailey   | Noticed a vault guard
  9664 | Bailey   | Killed Prince Ribbit
  9689 | Bailey   | Killed a vault guard
  9784 | Bailey   | Noticed a vault guard
  9792 | Bailey   | Killed a vault guard
  9943 | D:8      | Found a runed translucent door.
  9944 | D:8      | Found a burning altar of Makhleb.
  9944 | D:8      | Noticed a sixfirhy
 10010 | D:8      | Found a glowing silver altar of Zin.
 10010 | D:8      | Found a glowing golden altar of the Shining One.
 10011 | D:8      | Found a white marble altar of Elyvilon.
 10049 | D:8      | Reached skill level 14 in Spellcasting
 10399 | D:8      | Found a staircase to the Lair.
 10424 | D:8      | Offered knowledge of Scorch by Vehumet.
 10627 | D:8      | Reached XP level 11. HP: 62/62 MP: 27/31
 10642 | D:8      | Found Akuac's Overcharged Wands.
 10908 | D:9      | Reached *** piety under Vehumet
 11265 | D:9      | Offered knowledge of Fulminant Prism by Vehumet.
 11370 | D:9      | Noticed a two-headed ogre
 11379 | D:9      | Killed a two-headed ogre
 11663 | D:9      | Found a bloodstained altar of Trog.
 11732 | D:9      | Noticed a two-headed ogre
 11742 | D:9      | Killed a two-headed ogre
 11743 | D:9      | Reached skill level 15 in Spellcasting
 11870 | D:9      | Found a shimmering altar of Xom.
 11871 | D:9      | Noticed a two-headed ogre
 11880 | D:9      | Killed a two-headed ogre
 11881 | D:9      | Reached skill level 5 in Fighting
 12152 | D:9      | Found a staircase to the Orcish Mines.
 12262 | D:10     | Entered Level 10 of the Dungeon
 12417 | D:10     | Found a shimmering blue altar of Sif Muna.
 12502 | D:10     | Reached **** piety under Vehumet
 12576 | D:10     | Found Zirch's Self-Improvement Boutique.
 12828 | D:10     | Offered knowledge of Irradiate by Vehumet.
 12835 | D:10     | Learned a level 5 spell: Irradiate
 13475 | Temple   | Entered the Ecumenical Temple
 13648 | D:11     | Noticed a two-headed ogre
 13657 | D:11     | Killed a two-headed ogre
 13689 | D:11     | Identified the +0 leather armour of Somewhere Else {Harm}
 13765 | D:11     | Reached skill level 16 in Spellcasting
 14040 | D:11     | Noticed a cyan ugly thing
 14050 | D:11     | Killed a cyan ugly thing
 14110 | D:11     | Identified the staff of Corruption {rPois rF+ Str+2 Int+4
                  | Fire}
 14359 | D:12     | Reached XP level 12. HP: 67/68 MP: 21/34
 14361 | D:12     | Reached skill level 5 in Armour
 14377 | D:12     | Reached ***** piety under Vehumet
 15757 | Gauntlet | Identified the of Urexawaj
 15762 | D:13     | Found a gate leading to a gauntlet.
 15771 | Gauntlet | Entered a Gauntlet
 15771 | Gauntlet | Found a transporter.
 15771 | Gauntlet | Found a transporter.
 15773 | Gauntlet | Found a transporter.
 15774 | Gauntlet | Found a transporter.
 15776 | Gauntlet | Found a transporter.
 15817 | Gauntlet | Found a transporter.
 15820 | Gauntlet | Found a transporter.
 15820 | Gauntlet | Found a transporter.
 15824 | Gauntlet | Noticed a dire elephant
 15839 | Gauntlet | Found a transporter.
 15844 | Gauntlet | Found a runed translucent door.
 15851 | Gauntlet | Found a transporter.
 15853 | Gauntlet | Found the +8 pair of quick blades "Gyre" and "Gimble"
                  | {protect}
 15861 | Gauntlet | Found a transporter.
 15862 | Gauntlet | Noticed a great orb of eyes
 15865 | Gauntlet | Found a transporter.
 15912 | Gauntlet | Found a transporter.
 15927 | Gauntlet | Found a transporter.
 15970 | Gauntlet | Offered knowledge of Plasma Beam by Vehumet.
 15972 | Gauntlet | Reached skill level 10 in Conjurations
 16120 | Gauntlet | Identified the ring of Dogma {rPois Will+}
 16162 | Gauntlet | Reached skill level 17 in Spellcasting
 16221 | Gauntlet | Identified the +2 pair of boots "Coasub" {+Blink}
 16260 | Gauntlet | Identified the +6 war axe of Abomination {spect, rF++}
 16260 | Gauntlet | Identified the +5 ring mail of the Tormentor {Fly rC+ Will-
                  | Regen+}
 16260 | Gauntlet | Noticed a minotaur
 16285 | Gauntlet | HP: 3/68 [+6 war axe of Abomination {spect, rF++}[a
                  | minotaur] (3)]
 16286 | Gauntlet | Killed a minotaur
 16512 | Gauntlet | Identified the +10 arbalest "Ritwafog" {drain, rF+ rC+
                  | Will+ Str-2}
 16538 | D:13     | Noticed a centaur warrior
 16543 | D:13     | Killed a centaur warrior
 16544 | D:13     | Reached skill level 10 in Fire Magic
 16619 | D:13     | Noticed an entropy weaver
 16625 | D:13     | Killed an entropy weaver
 16838 | D:13     | Found a portal to a secret trove of treasure.
 16958 | D:13     | Found Tatt's Magic Scroll Boutique.
 16968 | D:13     | Bought a scroll of revelation for 120 gold pieces
 16968 | D:13     | Bought a scroll of teleportation for 48 gold pieces
 17207 | D:13     | Noticed a centaur warrior
 17212 | D:13     | Killed a centaur warrior
 17213 | D:13     | Reached skill level 18 in Spellcasting
 18125 | D:14     | Reached XP level 13. HP: 73/73 MP: 30/37
 18191 | D:14     | Found a flickering gateway to a bazaar.
 18203 | Bazaar   | Entered a bazaar
 18211 | Bazaar   | Found Kaonec's Book Shop.
 18225 | Bazaar   | Found Xativv Zero's Antique Armour Shop.
 18414 | D:14     | Noticed Frances
 18435 | D:14     | Killed Frances
 18631 | D:14     | Found an ornate altar of the Wu Jian Council.
 18710 | D:14     | Reached skill level 19 in Spellcasting
 18832 | D:14     | Found a gate to the Vaults.
 19068 | D:15     | Entered Level 15 of the Dungeon
 19404 | D:15     | Noticed a fire dragon
 19413 | D:15     | Killed a fire dragon
 19725 | D:15     | Found a staircase to the Depths.
 19725 | D:15     | Noticed a stone giant
 19789 | D:15     | Killed a stone giant
 19906 | D:15     | Noticed Nessos
 19914 | D:15     | Killed Nessos
 19936 | D:15     | Reached XP level 14. HP: 66/80 MP: 13/39
 19939 | D:15     | Reached skill level 20 in Spellcasting
 20129 | D:15     | Noticed Jorgrun
 20135 | D:15     | Killed Jorgrun
 20657 | Lair:1   | Entered Level 1 of the Lair of Beasts
 20826 | Lair:1   | Noticed Nergalle
 20836 | Lair:1   | Killed Nergalle
 20983 | Lair:1   | Found the +6 shillelagh "Devastator" {shatter}
 21097 | Lair:1   | You are sucked into a shaft and drop 1 floor!
 21241 | Lair:1   | Noticed Jeremiah
 21281 | Lair:1   | Killed Jeremiah
 21823 | Lair:2   | Identified the +0 pair of gloves "Zote" {Dex+2 Slay+3}
 22242 | Lair:2   | Found a staircase to the Swamp.
 22738 | Lair:3   | Found a staircase to the Snake Pit.
 23431 | Lair:3   | Offered knowledge of Olgreb's Toxic Radiance by Vehumet.
 23449 | Lair:3   | Reached skill level 21 in Spellcasting
 24847 | Lair:5   | Entered Level 5 of the Lair of Beasts
 25055 | Lair:5   | Found a viscous altar of Jiyva.
 25067 | Lair:5   | Found a staircase to the Slime Pits.
 25626 | Lair:5   | Reached ****** piety under Vehumet
 25758 | Lair:5   | Reached XP level 15. HP: 86/86 MP: 40/42
 25834 | Lair:5   | Offered knowledge of Bombard by Vehumet.
 25848 | Lair:5   | Learned a level 6 spell: Bombard
 25870 | Lair:5   | Reached skill level 22 in Spellcasting
 26353 | Orc:1    | Entered Level 1 of the Orcish Mines
 26359 | Orc:2    | Entered Level 2 of the Orcish Mines
 26385 | Orc:1    | Found a frozen archway.
 26432 | IceCv    | Entered an ice cave
 26502 | IceCv    | Reached skill level 1 in Earth Magic
 26814 | IceCv    | Found the +3 robe of Clouds {*Thunder rCloud rElec}
 27529 | Orc:2    | Found a staircase to the Elven Halls.
 27696 | Orc:2    | Offered knowledge of Ozocubu's Refrigeration by Vehumet.
 27966 | Orc:2    | Found Lifewn's Armour Shoppe.
 27967 | Orc:2    | Found Ymas's Assorted Antiques.
 27967 | Orc:2    | Found Rooff's CLEARANCE SALE!.
 27973 | Orc:2    | Found Yrolef's Armour Boutique.
 27976 | Orc:2    | Bought a glowing pink potion for 24 gold pieces
 27984 | Orc:2    | Found Giusol's General Store.
 27992 | Orc:2    | Bought a scroll of identify for 28 gold pieces
 28021 | Orc:2    | Bought a book of the Hunter for 36 gold pieces
 28313 | Swamp:1  | Entered Level 1 of the Swamp
 28325 | Swamp:1  | Reached skill level 23 in Spellcasting
 28811 | Swamp:1  | Identified the +2 leather armour "Fuckydenoi" {Str+3}
 29137 | Swamp:2  | Noticed Aizul
 29139 | Swamp:2  | Offered knowledge of Spellforged Servitor by Vehumet.
 29140 | Swamp:2  | Reached XP level 16. HP: 83/92 MP: 40/45
 29146 | Swamp:2  | Killed Aizul
 30625 | Swamp:3  | Found a shadowy altar of Dithmenos.
 30789 | Swamp:3  | Reached skill level 24 in Spellcasting
 30857 | Swamp:3  | Identified 2 scrolls of acquirement
 30902 | Swamp:3  | Noticed a thorn hunter
 30909 | Swamp:3  | Killed a thorn hunter
 31559 | Swamp:4  | Entered Level 4 of the Swamp
 31608 | Swamp:4  | Reached skill level 15 in Conjurations
 31808 | Swamp:4  | Offered knowledge of Fireball by Vehumet.
 32499 | Swamp:4  | Noticed the 27-headed Lernaean hydra
 32598 | Swamp:4  | Reached skill level 15 in Fire Magic
 32674 | Swamp:4  | Killed the 27-headed Lernaean hydra
 33089 | Swamp:4  | Got a decaying rune of Zot
 33405 | Swamp:4  | Reached XP level 17. HP: 96/96 MP: 42/47
 33671 | Temple   | Acquired 702 gold pieces
 33672 | Temple   | Identified the of Jovo (You acquired it in the Ecumenical
                  | Temple)
 33672 | Temple   | Acquired 635 gold pieces
 33818 | D:10     | Bought a manual of Dodging for 1040 gold pieces
 33818 | D:10     | Bought a manual of Fighting for 1040 gold pieces
 34022 | Snake:1  | Entered Level 1 of the Snake Pit
 34482 | Snake:1  | Reached skill level 25 in Spellcasting
 34783 | Snake:1  | Found Seunokov's Book Boutique.
 34785 | Snake:1  | Found Weigis's Jewellery Emporium.
 34786 | Snake:1  | Found Yssadoa's Book Boutique.
 35070 | Snake:1  | Reached skill level 5 in Dodging
 36484 | Snake:2  | Offered knowledge of Starburst by Vehumet.
 36492 | Snake:2  | Learned a level 6 spell: Starburst
 37952 | Snake:3  | Reached skill level 26 in Spellcasting
 38261 | Snake:3  | Offered knowledge of Lehudib's Crystal Spear by Vehumet.
 38261 | Snake:3  | Offered knowledge of Fire Storm by Vehumet.
 38261 | Snake:3  | Offered knowledge of Ignition by Vehumet.
 38265 | Snake:3  | Reached XP level 18. HP: 91/107 MP: 41/50
 38276 | Snake:3  | Learned a level 8 spell: Ignition
 38286 | Snake:3  | Learned a level 9 spell: Fire Storm
 38520 | Snake:4  | Entered Level 4 of the Snake Pit
 38526 | Snake:4  | Reached skill level 10 in Fighting
 38726 | Snake:4  | Identified the +7 trident of Impermanence {elec, rF+}
 38867 | Snake:4  | Reached skill level 10 in Dodging
 39503 | Snake:4  | Noticed Vashnia
 39634 | Snake:4  | Killed Vashnia
 40045 | Snake:4  | Reached skill level 1 in Necromancy
 40505 | Snake:4  | Got a serpentine rune of Zot
 40663 | Snake:4  | Reached skill level 27 in Spellcasting
 41546 | Vaults:5 | Identified the of Vegas
 41546 | Vaults:5 | Identified the "Duenaif"
 41546 | Crypt:3  | Identified the "Kioddie June"
 41546 | Depths:2 | Identified the of Tuotha
 41546 | Depths:2 | Identified the "Fiel"
 41546 | Depths:2 | Identified the "Moicutau"
 41546 | Depths:2 | Identified the of Huojahu
 41546 | Elf:1    | Entered Level 1 of the Elven Halls
 41877 | Elf:1    | Found Bafad's Jewellery Emporium.
 41877 | Elf:1    | Found Pysan's Antique Weapon Shoppe.
 41915 | Elf:1    | Found Vyriulod's Assorted Antiques.
 41923 | Elf:1    | Bought a sedimented red potion for 26 gold pieces
 42494 | Elf:1    | Paralysed by an air elemental for 1 turns
 42729 | Elf:1    | Reached XP level 19. HP: 115/115 MP: 40/52
 42901 | Elf:2    | Found the +7 great mace "Firestarter" {flame, immolate,
                  | rFlCloud rF++}
 43399 | Elf:2    | Found a runed translucent gate.
 43400 | Elf:2    | Found a runed translucent gate.
 43400 | Elf:2    | Found a runed translucent gate.
 43554 | Elf:3    | Identified the "Seobog"
 43554 | Elf:3    | Entered Level 3 of the Elven Halls
 44064 | Elf:3    | Paralysed by an air elemental for 1 turns
 44769 | Elf:3    | Identified the ring "Zelyhean" {rPois Will+++ MP+9 Dex-2}
 45306 | Depths:1 | Entered Level 1 of the Depths
 45308 | Depths:1 | Found Lediuc's Weapon Shop.
 45371 | Depths:1 | Identified the +3 tower shield of Qazlal's Envy {rN+ Str+4
                  | Stlth-}
 45371 | Depths:1 | Noticed Louise
 45382 | Depths:1 | Killed Louise
 45383 | Depths:1 | Found a one-way gate to the infinite horrors of the Abyss.
 45484 | Depths:1 | Found Mabbubec's Distillery.
 45581 | Depths:1 | Bought 2 potions of heal wounds for 120 gold pieces
 45581 | Depths:1 | Bought a potion of heal wounds for 60 gold pieces
 45856 | Depths:1 | Found a gateway to Hell.
 46268 | Depths:1 | Found Cufiusk's Magic Scroll Boutique.
 46275 | Depths:1 | Bought a scroll of identify for 26 gold pieces
 46275 | Depths:1 | Bought a scroll of identify for 26 gold pieces
 46275 | Depths:1 | Bought a scroll of identify for 26 gold pieces
 46275 | Depths:1 | Bought a scroll of identify for 26 gold pieces
 46739 | Depths:1 | Found Qoseexar's Antique Weapon Boutique.
 46751 | Depths:1 | Found Vicil's Antique Weapon Shoppe.
 46849 | Depths:1 | Reached skill level 15 in Dodging
 47800 | Depths:2 | Found a one-way gate leading to the halls of Pandemonium.
 47942 | Depths:2 | Reached skill level 1 in Shields
 48133 | Depths:2 | Reached XP level 20. HP: 124/124 MP: 39/53
 48918 | Temple   | Learned a level 5 spell: Fireball
 48924 | Temple   | Learned a level 5 spell: Iskenderun's Battlesphere
 50435 | Elf:3    | Identified the +6 flail of the Summoning Moth {elec, Will+}
 50818 | Elf:3    | Identified the ring "Xuon" {Fly Will+++ rCorr SInv Stlth-}
 50975 | Elf:3    | Identified the +0 chain mail of Fresh Happiness {Contam
                  | rElec Regen+}
 51065 | Elf:3    | Identified the +8 orcbow of Light {freeze, Int+3}
 51342 | Elf:3    | Identified the +9 dagger of the Inquisitive Yaks {venom,
                  | Dex+2}
 51342 | Elf:3    | Identified the ring "Yzeudyrgh" {rPois rC+ Dex+3}
 52641 | Depths:2 | Reached skill level 5 in Shields
 53098 | Depths:2 | Identified the +2 hand axe of Orafuurph {heavy, rC+ Will+
                  | Dex+3}
 53285 | Depths:2 | Reached XP level 21. HP: 131/131 MP: 53/54
 53542 | Depths:3 | Found Juyscham's Book Emporium.
 53559 | Depths:3 | Found Ruitz's General Store.
 53880 | Depths:3 | Identified the +0 orcbow of Embarrassment {speed, rPois}
 54132 | Depths:3 | Found a shadowy altar of Dithmenos.
 54396 | Depths:3 | Found a hazy altar of Hepliaklqana.
 54516 | Depths:3 | Found Rooro's Jewellery Emporium.
 54643 | Depths:3 | Noticed a caustic shrike
 54647 | Depths:3 | Killed a caustic shrike
 54720 | Depths:3 | Identified the +5 ring mail of Tomorrow {rN+ Will- rCorr
                  | Dex+3}
 54753 | Depths:3 | Noticed a golden dragon
 54756 | Depths:3 | Killed a golden dragon
 55623 | Depths:4 | Entered Level 4 of the Depths
 55789 | Depths:4 | Noticed a juggernaut
 55931 | Depths:4 | Found an iron altar of Okawaru.
 55935 | Depths:4 | Killed a juggernaut
 56372 | Depths:4 | Found a one-way gateway to a ziggurat.
 56627 | Depths:4 | Found a gate to the Realm of Zot.
 58124 | Zot:1    | Identified the "Fofawk"
 58124 | Zot:1    | Identified the "Xuffaliyk"
 58124 | Slime:1  | Entered Level 1 of the Pits of Slime
 58127 | Slime:1  | Reached skill level 15 in Fighting
 58743 | Slime:1  | Upgraded the game from 0.31-a0-949-g57150269e1 to
                  | 0.31-a0-960-g0fca184906
 59518 | Slime:4  | Reached XP level 22. HP: 140/140 MP: 51/55
 59854 | Slime:5  | Entered Level 5 of the Pits of Slime
 60159 | Slime:5  | Found a viscous altar of Jiyva.
 60254 | Slime:5  | Noticed the Royal Jelly
 60258 | Slime:5  | Killed the Royal Jelly
 60433 | Slime:5  | Identified the amulet "Xadwudou" {RegenMP Str+2}
 60469 | Slime:5  | Identified the +5 long sword of Cataclysm {heavy, Dex+3}
 60518 | Slime:5  | Learned a level 5 spell: Lee's Rapid Deconstruction
 60532 | Slime:5  | Got a slimy rune of Zot
 60542 | Slime:5  | Identified the ring "Roigo" {Fly AC+4}
 61926 | D:13     | You showed the slimy rune of Zot to enter a treasure trove
 61927 | Trove    | Identified the of Pojot (Sif Muna gifted it to you in a
                  | treasure trove)
 61927 | Trove    | Identified the "Mewek" (You found it in a treasure trove)
 61927 | Trove    | Identified the "Wizal" (Sif Muna gifted it to you in a
                  | treasure trove)
 61927 | Trove    | Identified the of Wypot (Sif Muna gifted it to you in a
                  | treasure trove)
 61927 | Trove    | Identified the "Qanataoz" (You found it in a treasure
                  | trove)
 61927 | Trove    | Entered a treasure trove
 62120 | Vaults:1 | Entered Level 1 of the Vaults
 62551 | Vaults:1 | Found Feligul's Weapon Boutique.
 63421 | Vaults:2 | Found a crumbling gateway.
 63429 | Desolati | Entered the Desolation of Salt
 63477 | Desolati | HP: 2/144 [peacekeeper/volley of spikes (11)]
 63477 | Desolati | Killed from afar by a servant of whispers

Illustrated notes

Levels and vault maps discovered:
D:1:      saegor_arrival_under_anarchy, layout_basic,
          dreamdust_mushroom_princess, palyth_stone_intersect,
          nicolae_houndstooth_variations
D:2:      layout_basic, shapermc_ecumenical_altar_ellora
D:3:      layout_loops_corners, lemuel_tele_altar, mainiacjoe_overflow_alcove_4,
          fedhas_altar_4, tgw_kikubaaqudgha
D:4:      layout_basic, feat_on_display
D:5:      gammafunk_wand_slinger, layout_basic, slow_altar_1,
          lightli_church_of_beogh
D:6:      layout_cave_pools, nicolae_vehumet_radiance
D:7:      layout_cave_pools, nicolae_uskayaw_murder_on_the_dancefloor,
          temple_green, amethyst_killhole, uniq_joseph
D:8:      layout_gridville, good_gods_mini_temple, nzn_makhleb_speed_demon,
          erik_lair_island, enter_bailey_5, nicolae_shop_overcharged_wands
D:9:      layout_long_grid, mainiacjoe_overflow_six_doors_small,
          nicolae_overflow_hidden_temple, erik_orc_2
D:10:     layout_irregular_city, nicolae_sif_muna_condensation,
          kennysheep_cross_room, minmay_misc_feat_square, nicolae_shop_self_help
D:11:     layout_roguey
D:12:     layout_layer_cave
D:13:     layout_loops_ring, gauntlet_entry_generic, serial_shops,
          nicolae_square_shop, nicolae_trove_entry_path_of_doom
D:14:     layout_roguey, david_vaults_5, nzn_wu_jian_contemplation,
          serial_shops, bzr_firewalk, minmay_misc_feat_ornament, uniq_frances
D:15:     grunt_enter_depths_giant_problem, layout_loops_ring,
          hangedman_abyss_or_decor_stabs, minmay_hedge_maze,
          serial_bayou_pond_a, uniq_nessos, uniq_jorgrun
Temple:   hellmonk_temple_forest_ring
Lair:1:   layout_roguey, st_stairs_12, nicolae_lair_lil_pond, uniq_jeremiah,
          uniq_nergalle
Lair:2:   layout_regular_city, swamp_mist_pool, chequers_serial_rivers_room_a,
          infiniplex_staircase_pool, grunt_megastairs_2, serial_bayou_shore_a
Lair:3:   layout_cave_pods, minmay_snake_entry_guardpost_medium,
          serial_bayou_shore_b
Lair:4:   layout_regular_city
Lair:5:   hangedman_lair_in_review, layout_loops_ring, slime_entry_1,
          eino_house_with_fridge, serial_bayou_shore_b
Swamp:1:  layout_falls_marsh, evilmike_swamp_ruin_rubble_2
Swamp:2:  layout_basic_swamp, nicolae_swamp_small_spring, uniq_aizul
Swamp:3:  layout_basic_swamp, lemuel_altar_in_water, nzn_swamp_stair_ambush
Swamp:4:  swamp_old_school, layout_basic_swamp, swamp_pool5,
          nicolae_swamp_well_well_well
Snake:1:  layout_basic, drop_trap, minmay_shop_grove, lemuel_fruit_tree,
          grunt_megastairs_1, serial_bayou_shore_b
Snake:2:  layout_layer_cave
Snake:3:  layout_onion_interference, grunt_megastairs_3
Snake:4:  minmay_snake_end_coiled, layout_chambers, st_stairs_11,
          hangedman_snake_corridor_cut, uniq_vashnia
Slime:1:  layout_caves
Slime:2:  layout_caves
Slime:3:  layout_caves
Slime:4:  layout_caves
Slime:5:  slime_pit_nicolae_amoeboid
Orc:1:    layout_diamond_mine, basic_altar, portal_ice_cave_entry_ice_simulacra
Orc:2:    st_orc_open, layout_caves, nicolae_shop_clearance
Elf:1:    minmay_elf_arrival_plus, layout_geoelf_octagon, evilmike_minifort,
          minmay_shop_star
Elf:2:    nicolae_elf_blades_crystal_corner, layout_geoelf_diagonals
Elf:3:    minmay_elf_hall_curves, layout_loops_corners
Vaults:1: nicolae_vaults_display_case, vaults_room_grunt_arrival_ludios,
          nicolae_vaults_angled_halls, hangedman_vaults_stretched_pinwheel,
          v_misc_29, nicolae_vaults_doubleplus_tesselated,
          vaults_room_semicircle, nicolae_vaults_tetromino_T_2,
          ontoclasm_vaults_pinch, v_misc_10, dpeg_vaults_monster_box,
          nicolae_vaults_shrinking_rooms_2, nicolae_vaults_little_squares_6,
          nicolae_vaults_double_plus_1, grunt_vaults_hallway_short,
          layout_vaults_omnibox, serial_shops, shop
Vaults:2: portal_desolation_entry_salt, nicolae_vaults_lightning_bolt,
          ontoclasm_vaults_twist, nicolae_vaults_double_plus_1,
          nicolae_vaults_trapezoid_2, minmay_crypt_entry_vampire_xt,
          nicolae_vaults_triangles, nicolae_vaults_trapezoid_lopsided_2,
          ontoclasm_vaults_spin, nicolae_vaults_closet_pinwheel_1,
          vaults_room_pool, grunt_vaults_focal, nicolae_vaults_yaktaur_gun_rack,
          nicolae_vaults_tetromino_L_1, v_misc_32,
          nicolae_vaults_ninety_degrees, nicolae_vaults_layer_cake_slice,
          layout_vaults_ring
Depths:1: gold_lair_mu, layout_gridlike, hell_entry, nicolae_figureground_pulse,
          nicolae_abyss_entry_one_way_or_another, serial_shops, shop, shop,
          nicolae_shop_hallway_plus, nicolae_shop_gibbet_a_chance,
          nicolae_diamond_shop, hangedman_abyss_or_decor_passed,
          kennysheep_four_rooms, serial_bayou_shore_b
Depths:2: minmay_the_grid_square_5x5_5x5 [minmay_the_grid_square_5x5_comb,
          minmay_the_grid_square_5x5_pentomino_r,
          minmay_the_grid_square_5x5_fancy_junction,
          minmay_the_grid_square_5x5_bracketed,
          minmay_the_grid_square_5x5_tetrominoes,
          minmay_the_grid_square_5x5_corner,
          minmay_the_grid_square_5x5_prize_junk, minmay_the_grid_square_5x5_meh,
          minmay_the_grid_square_5x5_prize_waves,
          minmay_the_grid_square_5x5_moneybag, minmay_the_grid_square_5x5_eight,
          minmay_the_grid_square_5x5_bite,
          minmay_the_grid_square_5x5_prize_snowflake,
          minmay_the_grid_square_5x5_hourglass, minmay_the_grid_square_5x5_z,
          minmay_the_grid_square_5x5_checkered_statues,
          minmay_the_grid_square_5x5_prize_rear_guard,
          minmay_the_grid_square_5x5_v,
          minmay_the_grid_square_5x5_prize_deathbox,
          minmay_the_grid_square_5x5_fat_x, minmay_the_grid_square_5x5_lines,
          minmay_the_grid_square_5x5_spiral_small,
          minmay_the_grid_square_5x5_doubleslash,
          minmay_the_grid_square_5x5_shuriken,
          minmay_the_grid_square_5x5_one_wall], layout_basic,
          nicolae_lava_and_water, grunt_pan_entry_in_and_out, hell_entry,
          serial_bayou_shore_b
Depths:3: minmay_fractal_lines_corner, layout_gridlike, abyss_entry,
          grunt_mini_vestibule, serial_shops, kennysheep_mini, shop_statue,
          nicolae_shop_behind_doors, basic_altar, grunt_dithmenos_smoke
Depths:4: evilmike_zot_entry_argh, layout_cave_pools, enter_ziggurat_e,
          hell_entry, grunt_decor_junction, okawaru_ov_weapons_minmay
Desolation

Skill      XL: |  1  2  3  4  5  6  7  8  9 10 11 12 13 14 15 16 17 18 19 20 21 22 |
---------------+-------------------------------------------------------------------+-----
Spellcasting   | 5 6 7 8 10 12 14 16 18 19 21 23 24 26 27 | 27.0
Armour         | 1 3 4 6 7 8 9 |  9.3
Fighting       | 1 2 4 5 6 7 9 11 13 15 17 | 17.0
Conjurations   | 2 3 4 5 6 8 9 10 12 13 14 15 16 17 19 20 22 24 | 24.1
Stealth        | 3 |  3.0
Dodging        | 3 9 12 15 | 15.1
Poison Magic   | 1 |  1.0
Transmutations | 1 2 |  2.0
Fire Magic     | 1 2 3 4 6 7 9 10 11 13 14 15 16 17 18 19 20 | 20.7
Evocations     | 1 |  1.0
Air Magic      | 1 |  1.0
Ice Magic      | 1 |  1.0
Earth Magic    | 1 |  1.0
Necromancy     | 1 |  1.0
Shields        | 1 5 7 |  7.0
Summonings     | |  1.1
Translocations | |  1.1

Action                     |  1- 3 |  4- 6 |  7- 9 | 10-12 | 13-15 | 16-18 | 19-21 | 22-24 || total
---------------------------+-------+-------+-------+-------+-------+-------+-------+-------++-------
  Melee: War axe           |     6 |    16 |    57 |       |       |       |       |       ||    79
         Punch             |       |     2 |     2 |       |       |       |       |       ||     4
         Dagger            |       |       |    54 |       |       |       |       |       ||    54
         Short sword       |       |       |    10 |    89 |       |       |       |       ||    99
         Staff             |       |       |       |    34 |       |    21 |     8 |     2 ||    65
         Pair of quick bla |       |       |       |    48 |   644 |   339 |       |       ||  1031
   Fire: Arbalest          |       |       |       |       |     3 |       |       |       ||     3
   Cast: Magic Dart        |    97 |    92 |    75 |     4 |     2 |     8 |    30 |     1 ||   309
         Mephitic Cloud    |     1 |     6 |    52 |    73 |    45 |     9 |     2 |       ||   188
         Ignite Poison     |       |     1 |    25 |    43 |    31 |     6 |     2 |       ||   108
         Blink             |       |       |     1 |     2 |     2 |       |     2 |     1 ||     8
         Foxfire           |       |       |    63 |   326 |    31 |       |       |       ||   420
         Irradiate         |       |       |       |    13 |    31 |     2 |     1 |       ||    47
         Freezing Cloud    |       |       |       |    18 |   206 |   307 |    34 |       ||   565
         Call Imp          |       |       |       |     2 |       |     3 |     2 |       ||     7
         Bombard           |       |       |       |       |    14 |   147 |   179 |    11 ||   351
         Starburst         |       |       |       |       |       |    61 |    87 |     3 ||   151
         Ignition          |       |       |       |       |       |     2 |    54 |    26 ||    82
         Fireball          |       |       |       |       |       |       |   233 |   118 ||   351
         Iskenderun's Batt |       |       |       |       |       |       |     9 |     2 ||    11
         Fire Storm        |       |       |       |       |       |       |     2 |     4 ||     6
         Lee's Rapid Decon |       |       |       |       |       |       |       |     1 ||     1
  Evoke: Lightning rod     |       |       |       |     3 |       |       |       |       ||     3
         Wand              |       |       |       |       |       |       |     8 |       ||     8
    Use: Scroll            |       |       |       |    19 |     4 |     7 |     8 |     2 ||    40
   Stab: Confused          |       |     4 |    17 |    11 |    20 |     1 |       |       ||    53
         Distracted        |       |       |     1 |       |       |       |       |       ||     1
 Armour: Robe              |    11 |    13 |    50 |    44 |       |       |       |       ||   118
         Acid dragon scale |       |       |       |    60 |       |       |       |       ||    60
         Quicksilver drago |       |       |       |    19 |       |       |       |       ||    19
         Ring mail         |       |       |       |     5 |   235 |   342 |   168 |    36 ||   786
  Dodge: Dodged            |    23 |    22 |   123 |   190 |   168 |   231 |    71 |     7 ||   835
  Block: Other             |       |     4 |    31 |    51 |    57 |    72 |    17 |       ||   232
         Reflection        |       |       |     1 |    10 |     8 |    24 |     6 |     7 ||    56
         Buckler           |       |       |       |       |       |       |     9 |    11 ||    20

Table legend: (Time is in decaauts)
 A = Elapsed time spent in this place.
 B = Non-inter-level travel time spent in this place.
 C = Inter-level travel time spent in this place.
 D = Time resting spent in this place.
 E = Time spent auto-exploring this place.
 F = Levels seen in this place.
 G = Mean time per level.
                   A        B        C        D        E       F      G
               +--------+--------+--------+--------+--------+-----+--------+
         Total |  63715 |  56807 |   6908 |   4727 |  42171 |  51 | 1249.3 |
       Dungeon |  22257 |  17785 |   4472 |   1117 |  13905 |  15 | 1483.8 |
        Temple |    404 |    372 |     32 |      0 |      0 |   1 |  404.0 |
          Lair |   5972 |   5306 |    666 |      0 |   4460 |   5 | 1194.4 |
         Swamp |   5219 |   5050 |    169 |    521 |   3730 |   4 | 1304.8 |
     Snake Pit |   7217 |   7002 |    215 |    500 |   5209 |   4 | 1804.2 |
    Slime Pits |   3337 |   3078 |    259 |    251 |   2331 |   5 |  667.4 |
  Orcish Mines |   1674 |   1341 |    333 |     25 |    983 |   2 |  837.0 |
   Elven Halls |   5421 |   5116 |    305 |    838 |   3409 |   3 | 1807.0 |
        Vaults |   1309 |   1305 |      4 |     16 |   1100 |   2 |  654.5 |
        Depths |   8917 |   8468 |    449 |    967 |   6323 |   4 | 2229.2 |
        Bazaar |     46 |     46 |      0 |      0 |     41 |   1 |   46.0 |
         Trove |     77 |     77 |      0 |      0 |      0 |   1 |   77.0 |
        Bailey |    616 |    616 |      0 |     16 |    453 |   1 |  616.0 |
      Ice Cave |    438 |    438 |      0 |    157 |    152 |   1 |  438.0 |
    Desolation |     47 |     47 |      0 |      0 |     22 |   1 |   47.0 |
      Gauntlet |    758 |    758 |      0 |    319 |     52 |   1 |  758.0 |
               +--------+--------+--------+--------+--------+-----+--------+

Top non-repeatable levels by time:
Depths:2: 3280 daAuts
     D:9: 2574 daAuts
   Elf:3: 2540 daAuts
 Snake:4: 2262 daAuts
     D:5: 2226 daAuts
Depths:3: 2027 daAuts
Depths:1: 1996 daAuts
 Swamp:4: 1895 daAuts
 Snake:1: 1852 daAuts
    D:12: 1733 daAuts
     D:7: 1673 daAuts
    D:10: 1637 daAuts
Depths:4: 1613 daAuts
 Snake:3: 1574 daAuts
    D:15: 1555 daAuts
